 Dungeon Crawl Stone Soup version 0.18.1-47-g9310371 (webtiles) character file.

71 M4edhros the Sneak (level 4, -1/28 HPs)
             Began as an Octopode Artificer on June 21, 2016.
             Slain by a worker ant (6 damage)
             ... on level 4 of the Dungeon.
             The game lasted 00:01:25 (1764 turns).

M4edhros the Sneak (Octopode Artificer)             Turns: 1764, Time: 00:01:26

Health: -1/28      AC:  1    Str: 10    XL:     4   Next: 24%
Magic:  6/6        EV: 12    Int: 14    God:
Gold:   49         SH:  0    Dex: 13    Spells: 0 memorised, 3 levels left

rFire  . . .     SeeInvis .     j - +4 hand axe
rCold  . . .     Gourm    .     (no shield)
rNeg   . . .     Faith    .     (helmet restricted)
rPois  .         Spirit   .     (no amulet)
rElec  .         Dismiss  .     (no ring)
rCorr  .         Reflect  .     (no ring)
SustAt .         Harm     .     (no ring)
MR     .....                    (no ring)
Stlth  ++++......               (no ring)
                                (no ring)
                                (no ring)
                                (no ring)

@: not resistant to hostile enchantments, stealthy
A: almost no armour, amphibious, 8 rings, constrict 8, camouflage 1, gelatinous
body 1
a: no special abilities


You were on level 4 of the Dungeon.
You were not hungry.

You visited 1 branch of the dungeon, and saw 4 of its levels.

You collected 49 gold pieces.

Inventory:

Hand Weapons
 a - a +0 short sword
 j - a +4 hand axe (weapon)
Missiles
 g - 127 stones (quivered)
Wands
 b - a wand of flame (15/48)
 c - a wand of enslavement (15/24)
 d - a wand of random effects (14/48)
 o - a wand of iceblast (7/15)
Scrolls
 e - 4 scrolls of identify {unknown}
 k - a scroll of teleportation {unknown}
 l - a scroll of blinking {unknown}
Potions
 h - 2 potions of flight {unknown}
 i - a potion of might {unknown}
Comestibles
 f - a bread ration
 m - a slice of pizza
 n - 4 fruits
 p - 6 chunks of flesh


   Skills:
 - Level 1.0 Fighting
 - Level 1.0 Short Blades
 - Level 2.0 Dodging
 + Level 5.7 Stealth
 - Level 3.2 Evocations


You had 3 spell levels left.
You didn't know any spells.

Dungeon Overview and Level Annotations

Branches:
Dungeon (4/15)
 Temple: D:4-7

Altars:
Pakellas


Innate Abilities, Weirdness & Mutations

You cannot wear most types of armour.
You are amphibious.
You can wear up to eight rings at the same time.
You can use your tentacles to constrict eight enemies at once.
Your skin changes colour to match your surroundings (Stealth).
Your rubbery body absorbs attacks (AC +1).


Message History

The worker ant is moderately wounded.
The worker ant closely misses you.
You barely miss the worker ant. Your grab misses the worker ant.
Your squeeze misses the worker ant.
The worker ant is moderately wounded.
The worker ant bites you. x2
You hit the worker ant. Your grab misses the worker ant.
You squeeze the worker ant.
The worker ant is severely wounded.
The worker ant barely misses you.
You are too injured to fight recklessly!
You hit the worker ant. You grab the worker ant.
The worker ant is severely wounded.
You constrict the worker ant. The worker ant bites you!
The worker ant bites you.
* * * LOW HITPOINT WARNING * * *
You hit the worker ant but do no damage.
The worker ant is severely wounded.
You constrict the worker ant. The worker ant bites you.
You die...

##.## #.#######. ##...## #.#
#.... ##.#.#.######.# #.###
#.............# #.#
##.#<#.####.### #.# #.>....#
#.# #.# #.#.##.# #.# #.#
####.####.# #.## #.# #.
#...%.a@..# #..# #.# ..#
#.##.#########.### #.# #.# #.
##.#.#P###.# #.# #.
##.≈#.#bb##.# #.# #.
#≈..#.#b≈.#.# #.########.##.##
#≈≈.#.#≈.P#.#
#....>..##.##..##.#P.≈#.#P≈P#.#
.....##.##.##.)...#.≈.#.#P.≈#.#
#.##.##.##.##..# #.≈≈#.#≈≈.#.#


You could see a worker ant.

Vanquished Creatures
  An adder (D:2)
  2 gnolls (D:2)
  An adder skeleton (D:4)
  A dart slug (D:4)
  4 orcs
  3 giant cockroaches
  2 goblins
  7 hobgoblins
  4 kobolds (D:1)
  A ball python (D:1)
  3 bats
  A giant newt (D:4)
  2 rats
32 creatures vanquished.

Vanquished Creatures (others)
  7 fungi (D:4)
7 creatures vanquished.

Grand Total: 39 creatures vanquished

Notes
Turn   | Place    | Note
--------------------------------------------------------------
     0 | D:1      | M4edhros the Octopode Artificer began the quest for the Orb.
     0 | D:1      | Reached XP level 1. HP: 13/13 MP: 3/3
    21 | D:1      | Reached skill level 2 in Stealth
   139 | D:1      | Reached XP level 2. HP: 16/18 MP: 4/4
   146 | D:1      | Reached skill level 3 in Stealth
   543 | D:2      | Found an oddly glowing altar of Pakellas.
   612 | D:2      | Reached skill level 4 in Stealth
   612 | D:2      | Reached XP level 3. HP: 14/23 MP: 5/5
   983 | D:2      | Reached skill level 5 in Stealth
  1164 | D:4      | Reached XP level 4. HP: 28/28 MP: 6/6
  1256 | D:4      | Noticed an ogre
  1261 | D:4      | an ogre changed into a worm
  1764 | D:4      | Slain by a worker ant

Skill      XL: |  1  2  3 |
---------------+----------+-----
Stealth        | 2 4 5 |  5.7
Fighting       | |  1.0
Short Blades   | |  1.0
Dodging        | |  2.0
Evocations     | |  3.2

Action                   |  1- 3 |  4- 6 || total
-------------------------+-------+-------++-------
Melee: Short sword       |    25 |       ||    25
       Constrict         |    14 |     5 ||    19
       Hand axe          |    25 |    16 ||    41
       Tentacles         |     7 |     4 ||    11
Evoke: Wand              |       |     1 ||     1
 Stab: Sleeping          |     7 |     1 ||     8
       Distracted        |     1 |       ||     1
  Eat: Chunk             |       |     3 ||     3
Armor: Skin              |     3 |       ||     3
Dodge: Dodged            |    28 |    10 ||    38
